Map: Ruins of Endion

Players

Pokebunny

  • Race: Terran Terran
  • League: Grandmaster

Suppy - Winner!

  • Race: Zerg Zerg
  • League: Master

VOD

Have the link to the VOD?

Description

Time

  • Played on: April 4, 2016, 6:24 p.m.
  • Length: 8:03
Show
View Real Time Build Order
Export as new Build Order

Pokebunny Terran 

Build Orders: Reaper Expand, MMM Bio 

Get SALT Encoding   

  12  0:00  SCV  
  13  0:13  SCV  
  14  0:17  Supply Depot  
  14  0:25  SCV  
  15  0:39  SCV  
  15  0:40  Barracks  
  16  0:45  Refinery  
  16  0:51  SCV  
  17  1:03  SCV  
  18  1:15  SCV  
  19  1:27  Orbital Command  
  19  1:28  Reaper  
  20  1:40  Command Center  
  20  1:49  Supply Depot  
  20  1:53  SCV  
  21  2:00  Barracks Reactor  
  21  2:05  SCV  
  21  2:07  Barracks  
  22  2:17  SCV  
  22  2:19  Barracks  
  23  2:27  Refinery  
  23  2:37  Marine x2  
  23  2:38  SCV  
  26  2:52  Factory  
  26  2:53  Orbital Command  
  26  2:54  Barracks Tech Lab, SCV  
  26  2:57  Marine  
  28  3:00  Marine  
  29  3:06  SCV  
  29  3:08  Marine  
  31  3:13  Stimpack  
  31  3:14  Marine  
  32  3:20  Marine  
  32  3:21  Marine  
  32  3:23  SCV  
  35  3:28  Supply Depot  
  35  3:34  SCV  
  35  3:35  SCV  
  35  3:38  Starport  
  35  3:40  Factory Reactor  
  37  3:46  Marine  
  37  3:47  Marine x2  
  40  3:50  SCV x2  
  40  3:54  Supply Depot  
  42  3:57  Marine  
  43  4:04  Marine  
  43  4:05  Marine x2  
  43  4:07  SCV x2  
  48  4:15  Marine  
  49  4:19  SCV x2  
  49  4:21  Medivac x2  
  55  4:28  Supply Depot, Marine  
  55  4:31  Marine x2, SCV x2  
  60  4:40  Marine  
  60  4:44  SCV  
  62  4:48  Supply Depot  
  62  4:49  Barracks Reactor  
  62  4:50  Marine x2, SCV  
  65  4:55  Medivac x2  
  69  5:04  Marine  
  70  5:07  Supply Depot  
  70  5:16  Marine x2  
  72  5:22  Marine  
  69  5:28  Marine x2  
  69  5:31  Factory Tech Lab  
  69  5:34  Marine x2  
  73  5:36  SCV x2  
  73  5:37  Refinery  
  73  5:38  Refinery, Command Center  
  72  5:53  SCV x2  
  73  6:02  Engineering Bay x2  
  73  6:05  Siege Tank  
  73  6:06  Combat Shields  
  73  6:07  Marine x2  
  73  6:08  Marine x3  
  81  6:12  Bunker  
  81  6:14  Bunker  
  81  6:17  SCV x2  
  83  6:28  Barracks  
  83  6:30  Barracks  
  82  6:35  Marine x4  
  86  6:40  Marine  
  78  6:50  Orbital Command, SCV x2  
  76  6:54  Marine x2  
  75  7:11  Siege Tank  
  75  7:14  Marine x4  
  75  7:15  Marine  
  79  7:24  SCV  
  79  7:25  SCV x2  
  79  7:29  Marine x2  
  84  7:32  Marine x2  
  56  7:44  Marine x2  
Show
View Real Time Build Order
Export as new Build Order

Suppy Zerg - Winner!

Build Orders: Hatch First 

Get SALT Encoding   

  12  0:01  Drone  
  13  0:12  Overlord  
  13  0:18  Drone  
  14  0:31  Drone x2  
  14  0:35  Drone  
  17  0:45  Drone  
  18  0:57  Hatchery  
  18  0:59  Drone  
  18  1:05  Extractor  
  18  1:07  Drone  
  18  1:17  Spawning Pool  
  17  1:19  Drone  
  18  1:28  Drone  
  19  1:38  Overlord  
  19  1:50  Drone  
  20  2:02  Drone  
  20  2:03  Queen  
  20  2:06  Metabolic Boost  
  23  2:08  Queen  
  23  2:09  Zergling x2  
  23  2:11  Zergling x2  
  27  2:20  Drone  
  28  2:23  Drone  
  29  2:31  Extractor  
  29  2:33  Drone x2  
  31  2:44  Queen  
  31  2:48  Drone x2  
  35  2:52  Overlord  
  35  2:54  Drone  
  36  3:10  Overlord  
  36  3:11  Drone  
  37  3:13  Drone  
  37  3:16  Drone  
  37  3:19  Queen  
  40  3:20  Drone x2  
  40  3:21  Drone  
  40  3:24  Overlord  
  44  3:28  Drone x3  
  44  3:29  Drone  
  48  3:35  Lair  
  48  3:38  Drone, Extractor  
  48  3:40  Overlord  
  48  3:48  Drone  
  48  3:51  Drone  
  48  3:52  Drone x4  
  48  3:53  Drone  
  55  3:58  Evolution Chamber  
  55  3:59  Evolution Chamber  
  55  4:02  Drone x2  
  55  4:04  Extractor x2  
  55  4:06  Drone  
  54  4:10  Hatchery  
  54  4:16  Roach Warren  
  52  4:21  Drone  
  52  4:22  Drone x3  
  56  4:28  Zerg Ground Armor Level 1  
  56  4:33  Zerg Missile Weapons Level 1  
  56  4:35  Queen  
  58  4:48  Overlord  
  58  4:55  Glial Reconstitution  
  58  4:57  Roach x5  
  68  5:09  Overlord x2  
  67  5:22  Queen x2  
  68  5:28  Roach x4  
  68  5:29  Roach x2  
  78  5:38  Roach x3  
  84  5:45  Roach x3  
  90  5:57  Overlord x2  
  90  6:09  Overlord x2  
  90  6:13  Hatchery  
  89  6:20  Roach x5  
  89  6:24  Ravager  
  100  6:27  Overseer  
  100  6:36  Roach x5  
  105  6:51  Roach x3  
  105  6:52  Ravager  
  105  6:53  Ravager x3  
  115  7:03  Overlord  
  115  7:05  Ravager  
  116  7:13  Overlord  
  116  7:27  Roach x3  
Tags
 
Add a new tag
Caveats
  • Supply blocks, unpowered buildings, or Contaminate may cause inaccurate times.
  • Supply counts are checked every 10 seconds.